 Dungeon Crawl Stone Soup version 0.31-a0-986-g5e6e4ef867 (webtiles) character file.

Game seed: 9450055953464750587

4 Getoffmy the Conjurer (level 1, 16/16 HPs)
             Began as a Demonspawn Reaver on Nov 6, 2023.
             Got out of the dungeon alive.
             The game lasted 00:01:08 (243 turns).

Getoffmy the Conjurer (Demonspawn Reaver)            Turns: 243, Time: 00:01:09

Health: 16/16      AC:  3    Str: 12    XL:     1   Next: 58%
Magic:  3/3        EV: 11    Int: 14    God:
Gold:   21         SH:  0    Dex: 11    Spells: 3/4 levels left

rFire   . . .        a - +0 hand axe
rCold   . . .        (no shield)
rNeg    . . .        b - +0 leather armour
rPois   .            (no helmet)
rElec   .            (no cloak)
rCorr   .            (no gloves)
SInv    .            (no boots)
Will    .....        (no amulet)
Stlth   +            (no ring)
HPRegen 0.22/turn    (no ring)
MPRegen 0.08/turn

%: no passive effects
@: no status effects
A: no striking features
a: no special abilities


You escaped.
You visited 1 branch of the dungeon, and saw 1 of its levels.

You collected 21 gold pieces.

Inventory:

Hand Weapons
 a - a +0 hand axe (weapon)
Armour
 b - a +0 leather armour (worn)
Jewellery
 c - a ring of wizardry
Scrolls
 d - a scroll of amnesia {unknown}


   Skills:
 + Level 2.1 Fighting
 + Level 2.7 Axes
 - Level 1.8 Dodging
 + Level 2.0 Spellcasting
 + Level 3.0 Conjurations


You had 3 spell levels left.
You knew the following spells:

 Your Spells              Type           Power      Damage    Failure   Level
a - Kiss of Death         Conj/Necr      20%        2d7       16%         1

Your spell library contained the following spells:

 Spells                   Type           Power      Damage    Failure   Level
 Momentum Strike          Conj/Tloc      10%        3d8       24%         2
 Hailstorm                Conj/Ice       5%         3d4       43%         3


Dungeon Overview and Level Annotations

Branches:
Dungeon (1/15)

Altars:


Message History

You kill the goblin!
The hobgoblin hits you but does no damage.
You see here a +0 club.
You hit the hobgoblin but do no damage. The hobgoblin barely misses you.
You slash the hobgoblin!
You kill the hobgoblin!
No target in view!
No target in view!
d - a scroll labelled ORA LETITIAB You now have 21 gold pieces (gained 14).
A goblin comes into view. It is wielding a +0 club.
The goblin shouts!
A goblin is nearby!
A goblin is nearby!
A goblin is nearby!
A bat comes into view.
The goblin hits you but does no damage.
You closely miss the goblin. The goblin hits you with a +0 club.
You hit the goblin.
The goblin is moderately wounded.
You hit the bat.
You kill the bat!
The goblin hits you with a +0 club.
You hit the goblin.
You kill the goblin!
No target in view!
No target in view!
No target in view!
No target in view!
No target in view!
No target in view!
No target in view!
No target in view!
You start resting.
HP restored.
You open the door.
There is an open door here.
There is an escape hatch in the floor here.
There is a staircase leading out of the dungeon here.
You have escaped!

###############
#.........[...#
#...........).#
#......@......#
#.............#
#.............#
######.>.######
#.# #...# #.#
####.#.# #.#
#..#...# ####
#.# #.##.#.#
...# #.#
#.##...#


There were no monsters in sight!

Vanquished Creatures
  2 goblins (D:1)
  A hobgoblin (D:1)
  A bat (D:1)
4 creatures vanquished.

Notes
Turn   | Place    | Note
-------+----------+-------------------------------------------
     0 | D:1      | Getoffmy the Demonspawn Reaver began the quest for the Orb.
     0 | D:1      | Reached XP level 1. HP: 16/16 MP: 3/3
   243 | D:$      | Got out of the dungeon alive.

Illustrated notes

Levels and vault maps discovered:
D:1:      lemuel_arrival_hallway, layout_loops_corners, serial_forest,
          infiniplex_forest_lined_ring, infiniplex_forest_straight_5,
          infiniplex_forest_straight_2, infiniplex_forest_end_3,
          infiniplex_forest_clump_diagonal, infiniplex_forest_clump_long,
          infiniplex_forest_zigzag_1, infiniplex_forest_lined_2,
          infiniplex_forest_lined_2, infiniplex_forest_lined_ring,
          minmay_misc_feat_ornament, minmay_pentomino_t2

Action                     || total
---------------------------++-------
  Melee: Hand axe          ||     6
 Armour: Leather armour    ||     4
  Dodge: Dodged            ||     1

Table legend: (Time is in decaauts)
 A = Elapsed time spent in this place.
 B = Non-inter-level travel time spent in this place.
 C = Inter-level travel time spent in this place.
 D = Time resting spent in this place.
 E = Time spent auto-exploring this place.
 F = Levels seen in this place.
 G = Mean time per level.
                   A        B        C        D        E       F      G
               +--------+--------+--------+--------+--------+-----+--------+
         Total |    244 |    179 |     65 |     27 |    132 |   1 |  244.0 |
       Dungeon |    244 |    179 |     65 |     27 |    132 |   1 |  244.0 |
               +--------+--------+--------+--------+--------+-----+--------+

Top non-repeatable levels by time:
     D:1: 244 daAuts
